 Dungeon Crawl Stone Soup version 0.20-a0-331-g5b3579f (webtiles) character file.

28136 dondy the Severer (level 13, -17/113 HPs)
             Began as a Hill Orc Monk on Dec 20, 2016.
             Was a High Priest of Beogh.
             Demolished by a swamp dragon simulacrum (24 damage)
             ... in an ice cave on Dec 21, 2016.
             The game lasted 01:17:13 (14942 turns).

dondy the Severer (Hill Orc Monk)                  Turns: 14942, Time: 01:17:14

Health: -17/113    AC: 17    Str: 19    XL:     13   Next: 36%
Magic:  15/17      EV: 18    Int: 10    God:    Beogh [*****.]
Gold:   594        SH:  5    Dex: 13    Spells: 12/12 levels left

rFire  . . .     SeeInvis .     a - +3 war axe
rCold  . . .     Gourm    .     k - +0 troll leather armour {Purgy}
rNeg   . . .     Faith    .     l - +0 buckler
rPois  +         Spirit   .     (no helmet)
rElec  .         Reflect  .     i - +2 cloak
rCorr  .         Harm     .     z - +2 pair of gloves
MR     .....                    B - +0 pair of boots
Stlth  ++........               (no amulet)
                                V - ring of poison resistance
                                e - +3 ring of protection

@: no status effects
A: walk on water
a: Smiting, Recall Orcish Followers, Give Item to Named Follower, Renounce
Religion


You were in an ice cave.
You worshipped Beogh.
Beogh was extremely pleased with you.
You were not hungry.

You visited 2 branches of the dungeon, and saw 16 of its levels.
You also visited: Sewer, Ossuary and Ice Cave.

You collected 955 gold pieces.
You spent 361 gold pieces at shops.

Inventory:

Hand Weapons
 a - a +3 war axe (weapon)
Armour
 i - a +2 cloak (worn)
 k - a +0 troll leather armour (worn) {Purgy}
 l - a +0 buckler (worn)
 z - a +2 pair of gloves (worn)
 B - a +0 pair of boots (worn)
Rods
 b - a +0 rod of clouds (13/13)
   (You found it on level 7 of the Dungeon)
Jewellery
 e - a +3 ring of protection (left hand)
 F - an uncursed ring of see invisible
 M - an uncursed ring of protection from fire
 V - a ring of poison resistance (right hand)
Wands
 r - a wand of flame (15/48)
 s - a wand of slowing (14/48)
 t - a wand of random effects (8/48)
 x - a wand of polymorph (8/24)
 C - a wand of iceblast (7/15)
 E - a wand of digging (9/24)
 N - a wand of digging (6/24)
 W - a wand of flame (20/48)
Scrolls
 d - 3 scrolls of enchant armour
 g - 2 scrolls of blinking
 j - 9 scrolls of teleportation
 o - 4 scrolls of fog
 y - 10 scrolls of remove curse
 K - 3 scrolls of recharging {unknown}
 L - 2 scrolls of magic mapping
 O - a scroll of fear
 R - 3 scrolls of amnesia
 Y - a scroll of enchant weapon
 Z - a scroll of torment
Potions
 h - a potion of magic
 m - 4 potions of brilliance
 p - 7 potions of heal wounds
 q - 8 potions of curing
 u - 3 potions of cancellation
 v - 3 potions of might
 A - 2 potions of flight
 G - 2 potions of ambrosia
 I - 2 potions of agility
 J - a potion of cure mutation {unknown}
 Q - 3 potions of resistance
 S - a potion of berserk rage {unknown}
 X - a potion of invisibility
Books
 P - a book of Maledictions

   Spells                             Type                      Level
   a - Corona                         Hexes                        1
   b - Ensorcelled Hibernation        Hexes/Ice                    2
   c - Confuse                        Hexes                        3
   d - Tukima's Dance                 Hexes                        3
   e - Dazzling Spray                 Conjuration/Hexes            3
 U - a book of Battle

   Spells                             Type                      Level
   a - Infusion                       Charms                       1
   b - Shroud of Golubria             Charms/Translocation         2
   c - Song of Slaying                Charms                       2
   d - Spectral Weapon                Hexes/Charms                 3
   e - Regeneration                   Charms/Necromancy            3
Comestibles
 c - 11 bread rations
 f - 7 meat rations
 n - 2 slices of pizza
 D - 2 beef jerkies
 H - 5 fruits
 T - 2 royal jellies


   Skills:
 - Level 10.0 Fighting
 - Level 16.0 Axes
 - Level 10.0 Armour
 - Level 10.2 Dodging
 - Level 1.5 Stealth
 - Level 4.0 Shields
 + Level 6.4 Invocations
 + Level 4.7 Evocations


You had 12 spell levels left.
You didn't know any spells.

Dungeon Overview and Level Annotations

Branches:
Dungeon (15/15)            Temple (0/1) D:6            Lair (3/6) D:8
  Swamp (0/4) Lair:3          Orc (0/2) D:10
  Snake: Lair:2-4    Spider: Lair:2-4    Vaults: D:13-14     Depths: D:15

Altars:
Cheibriados
Dithmenos
Gozag
Xom

Shops:
D:7 !   D:9 ?   D:10 *


Message History

The elephant simulacrum tramples you. The elephant simulacrum freezes you!
The elephant simulacrum completely misses you.
The wolf spider simulacrum closely misses you.
The wolf spider simulacrum bites you but does no damage.
You slash the wolf spider simulacrum!
The wolf spider simulacrum is severely damaged.
You hit the swamp dragon simulacrum. You hit the elephant simulacrum.
The elephant simulacrum misses you.
You block the elephant simulacrum's attack.
Unknown command.
The wolf spider simulacrum misses you.
You block the wolf spider simulacrum's attack.
The swamp dragon simulacrum bites you!
* * * LOW HITPOINT WARNING * * *
The swamp dragon simulacrum freezes you!!
* * * LOW HITPOINT WARNING * * *
The swamp dragon simulacrum claws you.
* * * LOW HITPOINT WARNING * * *
The swamp dragon simulacrum freezes you!!
You die...

#### ##..##
##....###
#..Z....##...
#.@ZZ.......#
#..Z.......##
##....##..##
##..## ##
####


You could see an alligator simulacrum, an elephant simulacrum, a swamp dragon
simulacrum and a wolf spider simulacrum.

Vanquished Creatures
  4 two-headed ogres
  A death yak (Lair:3)
  Pikel (D:6)
  An ugly thing (D:11)
  A spiny frog (Lair:1)
  A rime drake (Lair:2)
  A komodo dragon (Lair:1)
  2 ice devils (D:15)
  The ghost of dondy the Cleaver, an amateur HOMo (D:4)
  A polar bear (Lair:2)
  A dream sheep (Lair:2)
  A hippogriff (Lair:3)
  11 yaks
  A wyvern (D:10)
  A shadow (D:15)
  Sigmund (D:5)
  A spriggan (D:7)
  2 wraiths (Ossuary)
  2 hungry ghosts (D:7)
  A water moccasin (Lair:3)
  6 porcupines
  Purgy (Sewer)
  2 necrophages (D:12)
  A black bear (D:8)
  4 sky beasts
  2 phantoms
  5 ogres
  An eye of draining (D:10)
  3 wolves
  6 crocodiles
  10 centaurs
  5 big kobolds (D:10)
  7 bullfrogs
  A gnoll sergeant (D:10)
  A wyvern zombie (D:6)
  2 scorpions
  18 killer bees
  An electric eel (D:9)
  10 wights
  2 howler monkeys
  2 jellies
  4 bullfrog zombies
  6 crimson imps
  A quasit (D:7)
  A bullfrog skeleton (D:4)
  7 hounds
  3 orc wizards
  An orc priest (D:6)
  2 centaur skeletons
  4 iguanas
  7 worker ants
  A hound zombie (D:10)
  5 gnolls
  15 adders
  2 shadow imps
  A white imp (D:15)
  2 oozes
  3 adder zombies (Ossuary)
  An adder skeleton (D:8)
  3 worms (D:2)
  9 dart slugs
  3 leopard geckos
  16 orcs
  6 bats
  5 giant cockroaches
  2 goblins
  14 hobgoblins
  8 jackals
  2 quokkas
  A ball python (Sewer)
  9 frilled lizards
  A goblin zombie (D:6)
  A hobgoblin skeleton (Ossuary)
  A hobgoblin zombie (Ossuary)
  8 kobolds
  3 kobold zombies (Ossuary)
  An orc skeleton (Ossuary)
  7 rats
  A rat zombie (D:6)
  2 fungi (D:8)
  A plant (D:8)
296 creatures vanquished.

Vanquished Creatures (collateral kills)
  Josephine (D:11)
  5 hydras
  A two-headed ogre (D:8)
  2 death yaks (Lair:3)
  2 ugly things (D:12)
  Joseph (D:10)
  3 elephants (Lair:3)
  5 spiny frogs
  A torpor snail (Lair:2)
  A kobold demonologist (D:10)
  4 komodo dragons
  A rime drake (Lair:2)
  3 dream sheep (Lair:2)
  3 hippogriffs
  A wyvern (Lair:1)
  3 wraiths (D:11)
  4 yaks (Lair:3)
  2 basilisks
  Grum (Lair:1)
  A warg (Lair:3)
  2 porcupines
  3 water moccasins
  A sky beast (D:12)
  3 ice beasts
  4 necrophages
  13 wolves
  An ogre (D:8)
  5 centaurs
  6 crocodiles
  9 big kobolds (D:10)
  A gnoll sergeant (D:12)
  5 bullfrogs
  A scorpion (D:11)
  2 killer bees (D:10)
  3 wights
  A jelly (D:12)
  3 crimson imps
  A quasit (D:9)
  A bullfrog zombie (D:12)
  An orc priest (D:9)
  3 hounds
  2 orc wizards
  A centaur skeleton (D:8)
  3 worker ants
  A mummy (D:12)
  3 gnolls (D:12)
  An adder (D:11)
  3 jackals (D:8)
  14 fungi
  22 plants
164 creatures vanquished.

Vanquished Creatures (others)
  2 orc knights
  2 orc warriors (Lair:3)
  An orc priest (D:12)
  7 orcs
  24 fungi
  6 plants
42 creatures vanquished.

Grand Total: 502 creatures vanquished

Notes
Turn   | Place    | Note
-------+----------+-------------------------------------------
     0 | D:1      | dondy the Hill Orc Monk began the quest for the Orb.
     0 | D:1      | Reached XP level 1. HP: 19/19 MP: 1/1
   295 | D:1      | Reached XP level 2. HP: 26/26 MP: 2/2
   627 | D:1      | Reached skill level 5 in Axes
   695 | D:2      | Reached XP level 3. HP: 31/31 MP: 3/3
   804 | D:2      | Reached skill level 6 in Axes
  1107 | D:2      | Reached XP level 4. HP: 37/39 MP: 4/4
  1578 | D:2      | Reached skill level 7 in Axes
  1910 | D:3      | Reached XP level 5. HP: 35/45 MP: 5/5
  2465 | D:4      | Found a glowing drain.
  2469 | Sewer    | Entered a sewer
  2526 | Sewer    | Noticed Purgy
  2592 | Sewer    | Killed Purgy
  2592 | Sewer    | Reached skill level 8 in Axes
  2592 | Sewer    | Reached XP level 6. HP: 16/51 MP: 6/6
  2873 | D:4      | Reached skill level 9 in Axes
  3036 | D:4      | Reached skill level 1 in Armour
  3194 | D:4      | Noticed dondy's ghost (amateur HOMo)
  3208 | D:4      | Got a faintly glowing robe
  3278 | D:4      | Reached XP level 7. HP: 57/57 MP: 7/7
  3305 | D:4      | Identified the cursed +1 robe "Qusuapno" {*Slow rElec Regen+ Dex-3} (You found it on level 4 of the Dungeon)
  3576 | D:4      | Killed dondy's ghost
  3576 | D:4      | Reached skill level 10 in Axes
  3984 | D:5      | Entered Level 5 of the Dungeon
  4197 | D:5      | Reached XP level 8. HP: 60/64 MP: 8/8
  4215 | D:5      | Reached skill level 11 in Axes
  4280 | D:5      | Became a worshipper of Beogh the Brigand
  4280 | D:5      | Reached * piety under Beogh
  4280 | D:5      | Reached ** piety under Beogh
  4310 | D:5      | Noticed Sigmund
  4328 | D:5      | Killed Sigmund
  4538 | D:5      | Reached skill level 12 in Axes
  4654 | D:6      | Reached skill level 5 in Armour
  4767 | D:6      | Found a snail-covered altar of Cheibriados.
  5189 | D:6      | Reached skill level 13 in Axes
  5189 | D:6      | Reached XP level 9. HP: 41/70 MP: 9/9
  5255 | D:6      | Found a sand-covered staircase.
  5262 | Ossuary  | Entered an ossuary
  5943 | D:6      | Found a staircase to the Ecumenical Temple.
  6011 | D:6      | Noticed Pikel
  6054 | D:6      | Killed Pikel
  6054 | D:6      | Reached skill level 14 in Axes
  6803 | D:7      | Reached *** piety under Beogh
  6841 | D:7      | Reached XP level 10. HP: 70/79 MP: 10/10
  7159 | D:7      | Reached skill level 5 in Fighting
  7218 | D:7      | Found Wuan's Distillery.
  7223 | D:7      | Bought a potion of flight for 42 gold pieces
  7223 | D:7      | Bought a potion of degeneration for 14 gold pieces
  7223 | D:7      | Bought a potion of mutation for 35 gold pieces
  7223 | D:7      | Bought a potion of resistance for 140 gold pieces
  7236 | D:7      | Identified a +0 rod of clouds (13/13) (You found it on level 7 of the Dungeon)
  7458 | D:8      | Noticed a two-headed ogre
  7742 | D:8      | Reached skill level 15 in Axes
  8038 | D:8      | Reached **** piety under Beogh
  8325 | D:8      | Found a staircase to the Lair.
  8588 | D:9      | Noticed a two-headed ogre
  8599 | D:9      | Killed a two-headed ogre
  8724 | D:9      | Found a shadowy altar of Dithmenos.
  8766 | D:9      | Found an opulent altar of Gozag.
  8879 | D:9      | Reached XP level 11. HP: 82/95 MP: 11/11
  9266 | D:9      | Found Varph's Magic Scroll Boutique.
  9299 | D:9      | Bought a scroll of remove curse for 39 gold pieces
  9299 | D:9      | Bought a scroll of noise for 13 gold pieces
  9299 | D:9      | Bought a scroll of identify for 26 gold pieces
  9299 | D:9      | Bought a scroll of identify for 26 gold pieces
  9299 | D:9      | Bought a scroll of identify for 26 gold pieces
  9380 | D:9      | Noticed a two-headed ogre
  9387 | D:9      | Killed a two-headed ogre
  9387 | D:9      | Reached skill level 16 in Axes
  9427 | D:10     | Entered Level 10 of the Dungeon
  9589 | D:10     | Found Ciomn's General Store.
  9596 | D:10     | Reached skill level 10 in Fighting
  9786 | D:10     | Noticed a two-headed ogre
  9795 | D:10     | Killed a two-headed ogre
  9795 | D:10     | Reached skill level 1 in Shields
  9806 | D:10     | Noticed Joseph
  9806 | D:10     | Found a staircase to the Orcish Mines.
  9815 | D:10     | Killed Joseph
  9898 | D:10     | Reached ***** piety under Beogh
 10243 | D:10     | Reached skill level 5 in Dodging
 10439 | D:8      | Killed a two-headed ogre
 10548 | Lair:1   | Entered Level 1 of the Lair of Beasts
 10645 | Lair:1   | Noticed a six-headed hydra
 10651 | Lair:1   | Killed a six-headed hydra
 10732 | Lair:1   | Reached skill level 10 in Armour
 10799 | Lair:1   | Reached XP level 12. HP: 63/106 MP: 12/12
 10886 | Lair:1   | Noticed Grum
 10940 | Lair:1   | Killed Grum
 11856 | Lair:2   | Gained Horkud as an ally
 12263 | Lair:3   | Found a staircase to the Swamp.
 12286 | Lair:3   | Noticed a death yak
 12287 | Lair:3   | Noticed a death yak
 12288 | Lair:3   | Noticed a death yak
 12303 | Lair:3   | Killed a death yak
 12307 | Lair:3   | Killed a death yak
 12307 | Lair:3   | Gained Bogwik as an ally
 12311 | Lair:3   | Killed a death yak
 12699 | Lair:3   | Reached ****** piety under Beogh
 12703 | Lair:3   | Noticed an eight-headed hydra
 12710 | Lair:3   | Killed an eight-headed hydra
 12710 | Lair:3   | Reached skill level 10 in Dodging
 12714 | Lair:3   | Gained Warrok as an ally
 12934 | Lair:3   | Noticed a five-headed hydra
 12938 | Lair:3   | Killed a five-headed hydra
 13068 | Lair:3   | Upgraded the game from 0.20-a0-315-g8346a86 to 0.20-a0-331-g5b3579f
 13340 | D:11     | Reached skill level 1 in Invocations
 13343 | D:11     | Reached XP level 13. HP: 74/113 MP: 11/14
 13394 | D:11     | Reached skill level 1 in Evocations
 13455 | D:11     | Your ally Warrok died
 13524 | D:11     | Noticed Josephine
 13533 | D:11     | Killed Josephine
 13568 | D:11     | Found a shimmering altar of Xom.
 14235 | D:12     | Reached skill level 5 in Invocations
 14734 | D:12     | You fall through a shaft for 3 floors!
 14734 | D:15     | Entered Level 15 of the Dungeon
 14797 | D:15     | Found a frozen archway.
 14929 | IceCv    | Entered an ice cave
 14942 | IceCv    | Demolished by a swamp dragon simulacrum

Vault maps used:
D:1:      lightli_arrival_boilingwater
D:3:      first_bread, st_stairs_14
D:4:      kennysheep_slugbush, lightli_sewer_entry_pipes
D:5:      uniq_sigmund
D:6:      enter_ossuary_4, moated_statue, cheibriados_altar_1, uniq_pikel
D:7:      serial_shops, shop, the_bakery
D:8:      due_lair_maze_entry_diamond
D:9:      statuecave_lemuel, basic_altar, serial_shops, shop_scrolls,
          grunt_dithmenos_smoke_and_mirrors
D:10:     orc_0_dummy, serial_shops,
          nicolae_shop_temple_entry_statues_fountains, special_room, uniq_joseph
D:11:     basic_altar, uniq_josephine
D:12:     serial_undead, serial_undead_b, serial_undead_a, serial_undead_d,
          serial_undead_b
D:15:     hangedman_depths_entry_try_elsewhere_first, serial_ice, serial_ice_k,
          serial_ice_h, serial_ice_e, serial_ice_a,
          portal_ice_cave_demonic_guard, hangedman_decor_clover_reticule,
          library_closet, hangedman_abyss_or_decor_slice
Lair:1:   uniq_grum
Lair:3:   beast_lair_carwin_large_4, swamp_mist, infiniplex_staircase_pool
Sewer:    sewer_co_purgy_island
Ossuary:  ossuary_due_cavern
IceCv:    ice_cave_small_necro

Skill      XL: |  1  2  3  4  5  6  7  8  9 10 11 12 13 |
---------------+----------------------------------------+-----
Axes           | 5 6 7 8 9 10 13 14 15 16 | 16.0
Armour         | 1 3 5 8 10 | 10.0
Fighting       | 4 8 10 | 10.0
Dodging        | 3 5 10 | 10.2
Shields        | 4 |  4.0
Invocations    | 1 6 |  6.4
Evocations     | 4 |  4.7
Stealth        | |  1.5

Action                   |  1- 3 |  4- 6 |  7- 9 | 10-12 | 13-15 || total
-------------------------+-------+-------+-------+-------+-------++-------
Melee: Hand axe          |    97 |   316 |   663 |    83 |       ||  1159
       War axe           |       |       |       |   752 |   163 ||   915
Invok: Convert to Beogh  |       |       |     1 |       |       ||     1
       Recall Orcish Fol |       |       |       |     1 |     2 ||     3
       Resurrection      |       |       |       |       |     1 ||     1
Evoke: Wand              |       |     9 |    13 |    13 |     4 ||    39
       Rod               |       |       |       |     1 |       ||     1
  Use: Scroll            |       |     2 |     8 |     9 |     2 ||    21
       Potion            |       |     2 |     2 |       |       ||     4
 Stab: Sleeping          |       |     3 |     2 |     2 |     2 ||     9
       Invisible         |       |     5 |       |       |       ||     5
       Distracted        |       |       |       |     2 |     1 ||     3
  Eat: Chunk             |     1 |     7 |    12 |    20 |     5 ||    45
       Fruit             |       |       |     3 |     4 |     1 ||     8
Armor: Ring mail         |    28 |   109 |       |       |       ||   137
       Robe              |     2 |       |       |       |       ||     2
       Troll leather arm |       |    39 |   145 |   242 |    35 ||   461
Dodge: Dodged            |    48 |   198 |   195 |   399 |    92 ||   932
Block: Buckler           |     9 |    47 |    59 |   106 |    27 ||   248
